 Dungeon Crawl Stone Soup version 0.28.0-53-g5a82cb258f (webtiles) character file.

Game seed: 14267341264723632294

310314 firemarshallily the Slayer (level 21, -2/270 (292) HPs)
             Began as a Merfolk Gladiator on Aug 8, 2022.
             Was a Believer of Uskayaw.
             Killed from afar by a blizzard demon (16 damage)
             ... with a bolt of cold
             ... on level 5 of the Abyss on Aug 21, 2022.
             The game lasted 05:45:44 (51066 turns).

firemarshallily the Slayer (Merfolk Gladiator)     Turns: 51066, Time: 05:45:45

HP:   -2/270 (292)  AC: 37    Str: 19      XL:     21   Next: 25%
MP:   40/40         EV:  2    Int: 10 (15) God:    Uskayaw [**....]
Gold: 1317          SH:  6    Dex: 20      Spells: 8/50 levels left

rFire   . . .      SeeInvis +   a - +4 trident (freeze)
rCold   . . .      Faith    .   S - +0 buckler {AC+3}
rNeg    . . .      Spirit   .   (armour currently unavailable)
rPois   +          Reflect  .   (helmet currently unavailable)
rElec   +          Harm     .   (cloak currently unavailable)
rCorr   +          Rampage  .   (gloves currently unavailable)
Will    +....      NoTele   +   (boots currently unavailable)
Stlth   ++........              Q - amulet "Bufokk" {RegenMP Drain rElec rCorr Int+6 SInv}
HPRegen 0.00/turn               d - +4 ring of protection
MPRegen 0.67/turn               W - ring of wizardry

@: mighty, tree-form, sick, glowing, drained, invisible (but backlit and
visible)
A: stationary, stasis, torment immunity, boosted hp, (nimble swimmer 2),
(mertail), (camouflage 1), sense surroundings 1, wild magic 1
}: 2/15 runes: decaying, serpentine
a: Renounce Religion, Stomp, Line Pass


You were on level 5 of the Abyss.
You worshipped Uskayaw.
Uskayaw was noncommittal.
You were a tree.
You visited 8 branches of the dungeon, and saw 37 of its levels.
You visited the Abyss 2 times.
You also visited: Volcano.

You collected 5795 gold pieces.
You spent 4478 gold pieces at shops.

Inventory:

Hand Weapons
 a - a +4 trident of freezing (weapon)
Missiles
 f - 43 poisoned darts
 h - 18 curare-tipped darts (quivered)
 p - 2 throwing nets
 G - 3 boomerangs of dispersal
Armour
 b - a +2 pair of boots (melded)
 c - a +0 helmet (melded)
 g - a +2 cloak (melded)
 n - the +1 troll leather armour "Unines" (melded) {Regen+ Str+4}
   (You bought it in a shop on level 4 of the Dungeon)

   Str:       It affects your strength (+4).
   Regen:     It increases your rate of health regeneration.
 y - a +1 buckler
 J - a +1 pair of gloves of strength (melded)
 S - a +0 buckler of protection (worn)
 V - the +18 shield of the Gong {rElec rN+ Will+ EV-5}
   (You found it on level 3 of the Vaults)

   It is deafeningly noisy when blocking attacks.
   EV:        It affects your evasion (-5).
   rElec:     It insulates you from electricity.
   rN:        It protects you from negative energy.
   Will:      It increases your willpower.
Jewellery
 d - a +4 ring of protection (left branch)
 i - a +6 ring of strength
 m - a ring of ice
 t - a ring of poison resistance
 B - a ring of protection from fire
 Q - the amulet "Bufokk" (around neck) {RegenMP Drain rElec rCorr Int+6 SInv}
   (You bought it in a shop on level 4 of the Dungeon)

   [amulet of magic regeneration]

   It increases your rate of magic regeneration.
   Int:       It affects your intelligence (+6).
   rElec:     It insulates you from electricity.
   SInv:      It lets you see invisible.
   rCorr:     It protects you from acid and corrosion.
   Drain:     It drains your maximum health when unequipped.
 W - a ring of wizardry (right branch)
Wands
 o - a wand of charming (12)
 q - a wand of paralysis (31)
 s - a wand of polymorph (31)
 C - a wand of flame (82)
 D - a wand of iceblast (43)
 L - a wand of digging (13)
 M - a wand of acid (11)
 T - a wand of mindburst (11)
Scrolls
 e - 8 scrolls of teleportation
 r - 5 scrolls of fear
 v - a scroll of blinking
 x - 9 scrolls of fog
 E - 2 scrolls of summoning
 I - 3 scrolls of holy word
 U - a scroll of magic mapping
Potions
 j - 7 potions of brilliance
 l - 2 potions of resistance
 u - 8 potions of ambrosia
 w - 3 potions of attraction
 A - a potion of might
 F - a potion of curing
 K - 2 potions of mutation
 Z - 6 potions of flight
Miscellaneous
 H - a phial of floods
 N - a phantom mirror
 X - a lightning rod (4/4)
 Y - a condenser vane


   Skills:
 - Level 24.3 Fighting
 - Level 14.0 Polearms
 - Level 2.0 Throwing
 - Level 3.2 Armour
 - Level 20.0 Dodging
 - Level 10.0 Stealth
 + Level 6.1 Shields
 + Level 15.0 Spellcasting
 + Level 8.5 Conjurations
 + Level 1.6 Hexes
 - Level 7.0 Summonings
 - Level 7.0 Transmutations
 - Level 5.0 Ice Magic
 - Level 6.0 Invocations
 - Level 5.0 Evocations


You had 8 spell levels left.
You knew the following spells:

 Your Spells              Type           Power      Damage    Failure   Level
a - Summon Small Mammal   Summ           100%       N/A       1%          1
b - Frozen Ramparts       Ice            44%        1d6       2%          3
c - Animate Skeleton      Necr           18%        N/A       6%          1
d - Freeze                Ice            88%        1d10      1%          1
e - Call Canine Familiar  Summ           27%        N/A       1%          3
f - Summon Guardian Gole  Hex/Summ       20%        N/A       3%          3
g - Summon Lightning Spi  Summ/Air       18%        N/A       13%         4
h - Hailstorm             Conj/Ice       27%        3d7       4%          4
i - Ensorcelled Hibernat  Hex/Ice        36%        N/A       2%          2
j - Blink                 Tloc           18%        N/A       9%          2
k - Inner Flame           Hex/Fire       11%        N/A       12%         3
l - Yara's Violent Unrav  Hex/Tmut       10%        3d6       26%         5
m - Fireball              Conj/Fire      10%        3d6       26%         5
n - Summon Mana Viper     Hex/Summ       20%        N/A       26%         5

Your spell library contained the following spells:

 Spells                   Type           Power      Damage    Failure   Level
 Dazzling Flash           Conj/Hex       46%        N/A       2%          3
 Conjure Flame            Conj/Fire      20%        6-21      3%          3
 Spider Form              Tmut/Pois      18%        N/A       4%          3
 Apportation              Tloc           18%        N/A       6%          1
 Pain                     Necr           36%        1d5       6%          1
 Mephitic Cloud           Conj/Pois/Air  17%        N/A       6%          3
 Ignite Poison            Fire/Tmut/Pois 15%        N/A       7%          3
 Tukima's Dance           Hex            13%        N/A       9%          3
 Iskenderun's Mystic Bla  Conj/Tloc      20%        2d6       11%         4
 Sticky Flame             Conj/Fire      20%        2d4       11%         4
 Portal Projectile        Hex/Tloc       22%        N/A       12%         3
 Gell's Gravitas          Tloc           9%         N/A       16%         3
 Teleport Other           Tloc           9%         N/A       16%         3
 Freezing Cloud           Conj/Ice/Air   10%        6-21      22%         5
 Cause Fear               Hex            6%         N/A       26%         4
 Lightning Bolt           Conj/Air       10%        1d23      26%         5
 Anguish                  Hex/Necr       5%         N/A       34%         4
 Airstrike                Air            4%         N/A       45%         4
 Starburst                Conj/Fire      10%        6d5       75%         6
 Agony                    Necr           9%         N/A       77%         5
 Excruciating Wounds      Necr           4%         N/A       77%         5
 Manifold Assault         Tloc           9%         N/A       77%         5
 Dispersal                Tloc           4%         N/A       99%         6
 Ozocubu's Refrigeration  Ice            11%        4d7       99%         7
 Storm Form               Tmut/Air       9%         N/A       100%        7
 Discord                  Hex            6%         N/A       100%        8
 Ignition                 Fire           4%         3d4       100%        8
 Maxwell's Capacitive Co  Air            4%         ∞         100%        8


Dungeon Overview and Level Annotations

Branches:
Dungeon (15/15)            Temple (1/1) D:5            Lair (6/6) D:9
  Swamp (4/4) Lair:4        Snake (4/4) Lair:4        Slime (0/5) Lair:5
    Orc (2/2) D:10            Elf (1/3) Orc:2        Vaults (4/5) D:14
  Crypt (0/3) Vaults:3     Depths (0/4) D:15        Volcano (visited)

Altars:
Ashenzari
Cheibriados
Dithmenos
Elyvilon
Fedhas
Gozag
Hepliaklqana
Kikubaaqudgha
Makhleb
Nemelex Xobeh
Okawaru
Qazlal
Ru
Sif Muna
Trog
Uskayaw
Vehumet
Wu Jian
Xom
Yredelemnul
Zin
The Shining One
Beogh
Jiyva

Shops:
D:4 *[:(   D:7 *!   D:14 [   Orc:2 (=(*[   Vaults:1 !   Vaults:3 *   Vaults:4 =

Portals:
Trove: D:10 (give horn of Geryon)

Annotations:
D:12 1 exclusion
D:14 2 runed translucent doors, Piopsagem's ghost, journeyman DgEE
Lair:5 1 runed translucent door
Swamp:4 2 transporters, kerlis's ghost, journeyman MiBe
Vaults:2 Bai Suzhen
Vaults:3 1 exclusion
Vaults:4 exclusions: door and 1 more exclusion


Innate Abilities, Weirdness & Mutations

You are a tree.
Your roots penetrate the ground, keeping you stationary.
You cannot be teleported.
You are immune to unholy pain and torment.
Your maximum health is greatly increased.
Your equipment is partially melded.
((You are very nimble when in or above water. (Stealth+, EV+, Speed+++)))
((Your lower body shifts to a powerful aquatic tail in water.))
((Your skin changes colour to match your surroundings (Stealth+).))
You passively map a small area around you.
Your spells are a little harder to cast, but a little more powerful.


Message History

The blizzard demon is moderately wounded.
The blizzard demon hits you.
* * * LOW HITPOINT WARNING * * *
The blizzard demon hits you but does no damage.
You puncture the blizzard demon!
The blizzard demon is heavily wounded.
The blizzard demon waves its arms in wide circles.
The air twists around and strikes you!
* * * LOW HITPOINT WARNING * * *
The daeva hits you with a +3 eudemon blade of holy wrath.
* * * LOW HITPOINT WARNING * * *
You block the daeva's attack.
You feel better.
You block the blizzard demon's attack. x2
You block the daeva's attack. The daeva hits you but does no damage.
Really quaff the potion of lignification?
You turn into a tree.
Your +2 cloak melds into your body.
Your +0 helmet melds into your body.
Your +1 pair of gloves of strength melds into your body.
Your +2 pair of boots melds into your body.
The +1 troll leather armour "Unines" {Regen+ Str+4} melds into your body.
You feel weaker.
Your roots penetrate the ground.
The blizzard demon waves its arms in wide circles.
The air twists around and strikes you.
The daeva hits you with a +3 eudemon blade of holy wrath.
* * * LOW HITPOINT WARNING * * *
The daeva hits you but does no damage.
You hit the blizzard demon but do no damage.
The blizzard demon is heavily wounded.
The blizzard demon hits you but does no damage.
You block the blizzard demon's attack.
Unknown command.
You completely miss the blizzard demon.
The blizzard demon is heavily wounded.
The daeva calls down the wrath of the Shining One upon you.
The Shining One smites you!
* * * LOW HITPOINT WARNING * * *
The blizzard demon gestures at you. The bolt of cold hits you!
You die...

≈ ..≈ ♣...
#©.X ######
#### ##....##
#######......#
#.....#).....#
.
+..©.[')....##
. #).♣...#
#### ##.2A2.#
# +φ ###.### .
# ##°..# . .
#. ...# .
...##.....#
... ...#2 ...#
.'.2...# # ###
..##


You could see a daeva and 2 blizzard demons.

Vanquished Creatures
  the Lernaean hydra (Swamp:4)
  Nikola (Swamp:1)
  A lich (Abyss:4)
  A quicksilver dragon (Snake:4)
  A tentacled starspawn (Abyss:5)
  Gastronok (Lair:3)
  A tengu reaver (Vaults:3)
  3 sphinxes
  A thorn hunter (Swamp:4)
  A fenstrider witch (Swamp:2)
  2 fire giants
  A revenant (Vaults:3)
  2 nagarajas
  6 vault wardens
  A draconian knight (Abyss:5)
  A deep elf sorcerer (Elf:1)
  The ghost of DemonSlayer the Thaumaturge, an adept DsFE of Cheibriados (Snake:2)
  A frost giant (D:15)
  3 orc warlords
  2 ghouls (Swamp:3)
  17 ironbound preservers
  2 war gargoyles
  7 very ugly things
  A stone giant (Vaults:4)
  3 ironbound thunderhulks
  8 dire elephants (Vaults:2)
  A deep elf annihilator (Vaults:3)
  5 eleionomae
  2 entropy weavers
  A bunyip (Swamp:2)
  2 deep elf death magi
  2 eidola
  4 crystal guardians
  A fire dragon (D:14)
  8 yaktaur captains
  A deep elf high priest (Vaults:1)
  9 naga warriors
  2 vault guards (Vaults:4)
  A spriggan air mage (Swamp:4)
  A hydra (shapeshifter) (Vaults:4)
  Harold (Orc:1)
  6 boulder beetles
  A ghost crab (Swamp:3)
  3 peacekeepers
  20 hydras
  A salamander tyrant (Snake:4)
  8 ironbound frosthearts
  A death knight (Abyss:5)
  5 anacondas
  8 alligators
  21 centaur warriors
  2 dancing weapons (Elf:1)
  3 catoblepae
  5 tengu warriors
  2 two-headed ogres
  6 death yaks
  2 thrashing horrors (Vaults:4)
  A vampire mage (Vaults:3)
  2 orc high priests
  2 deep elf knights (Elf:1)
  8 naga sharpshooters
  4 shock serpents
  A wretched star (Abyss:5)
  A salamander mystic (Snake:1)
  A sea snake (Snake:4)
  40 deep trolls
  A deep troll (shapeshifter) (Vaults:4)
  A goliath frog (Lair:6)
  4 spriggan druids
  11 bog bodies
  8 orc knights
  2 glowing orange brains (Vaults:3)
  A phantasmal warrior (Abyss:5)
  9 swamp dragons
  A deep elf archer (Elf:1)
  9 wizards
  6 lindwurms
  13 ironbound convokers
  4 naga ritualists
  A tengu zombie (Vaults:1)
  Pikel (D:6)
  3 deep elf zephyrmancers (Elf:1)
  7 mana vipers
  2 harpies (Vaults:2)
  2 necromancers
  2 oklob plants (Lair:3)
  36 ugly things
  4 deep elf pyromancers (Elf:1)
  2 orc sorcerers (Orc:2)
  5 will-o-the-wisps
  7 manticores
  3 draconians (Abyss:5)
  6 salamanders
  4 centaur zombies
  9 elephants
  4 cyclopes
  2 guardian serpents (Snake:4)
  2 smoke demons
  A black mamba (shapeshifter) (Vaults:4)
  16 vault sentinels
  17 cane toads
  26 black mambas
  A torpor snail (Lair:4)
  13 naga magi
  3 large abominations
  Maggie (D:6)
  4 efreet
  3 gargoyles (D:12)
  3 rime drakes
  9 komodo dragons
  A tengu conjurer (D:13)
  2 unseen horrors
  A freezing wraith (Abyss:4)
  A tormentor (Abyss:2)
  15 yaktaurs
  2 guardian mummies (D:10)
  A queen bee (Lair:2)
  2 ancient zymes
  4 nameless horrors
  5 trolls
  A polar bear (Lair:6)
  11 slime creatures
  14 tyrant leeches
  Grinder (D:6)
  Prince Ribbit (D:6)
  2 raiju (Abyss:3)
  12 blink frogs
  4 hornets
  2 dream sheep (Lair:4)
  A meliai zombie (D:11)
  A ynoxinul (Abyss:3)
  4 spriggans
  4 wraiths
  A culicivora (shapeshifter) (Elf:1)
  A water elemental (D:15)
  A shadow (D:9)
  6 basilisks
  81 yaks
  A chaos spawn (Abyss:4)
  7 wyverns
  Eustachio (D:6)
  6 fire elementals
  2 golden eyes (Vaults:4)
  2 neqoxecs
  30 vampire mosquitoes
  2 redbacks
  A steam dragon (D:9)
  3 wargs
  31 nagas
  4 small abominations
  16 swamp worms
  3 acid dragons
  17 water moccasins
  8 swamp drakes (Swamp:4)
  33 orc warriors
  A sky beast (D:6)
  An ice beast (D:6)
  5 black bears (Lair:2)
  A necrophage (D:7)
  7 wolves
  4 boggarts (Vaults:1)
  9 ogres
  6 centaurs
  3 kobold brigands
  4 earth elementals
  21 bullfrogs
  4 scorpions
  A wyvern zombie (D:7)
  3 human simulacra (Vaults:1)
  27 killer bees
  6 wights
  2 howler monkeys
  2 electric eels
  A quasit (D:5)
  A gnoll shaman (D:6)
  9 starcursed masses (Abyss:5)
  12 orc priests
  4 hounds
  2 centaur skeletons
  An iguana (D:3)
  28 orc wizards
  Natasha (D:3)
  A centaur simulacrum (D:9)
  3 howler monkey zombies
  Robin (D:3)
  5 gnolls
  4 adders
  4 shadow imps
  A white imp (Abyss:2)
  3 dart slugs
  2 worms (D:3)
  59 orcs
  5 endoplasms
  2 giant cockroaches (D:1)
  12 goblins
  11 hobgoblins
  5 jackals
  15 kobolds
  4 quokkas
  3 ball pythons
  5 bats
  4 frilled lizards
  2 goblin skeletons (D:5)
  2 goblin zombies (D:5)
  2 hobgoblin zombies (D:5)
  A kobold skeleton (D:5)
  A kobold zombie (D:5)
  An orc skeleton (D:5)
  3 rats
  A briar patch (Swamp:4)
  4 fire vortices (Volcano)
1215 creatures vanquished.

Vanquished Creatures (collateral kills)
  A quicksilver dragon (Snake:4)
  A revenant (Vaults:3)
  5 slime creatures
  2 nagarajas
  A very ugly thing (Vaults:1)
  3 ironbound preservers
  2 ironbound thunderhulks
  A yaktaur captain (Vaults:3)
  A boulder beetle (Vaults:1)
  2 hydras
  A naga warrior (Snake:1)
  An anaconda (Snake:3)
  4 ironbound frosthearts
  3 centaur warriors
  A shock serpent (Snake:2)
  A naga sharpshooter (Snake:3)
  A sea snake (Snake:4)
  A naga ritualist (Snake:1)
  A lindwurm (Vaults:3)
  A swamp dragon (Swamp:4)
  4 wizards
  7 deep trolls
  A deep elf zephyrmancer (Elf:1)
  5 bog bodies
  An orc knight (Vaults:1)
  A harpy (shapeshifter) (Vaults:4)
  2 mana vipers
  2 salamanders (Snake:3)
  2 harpies (Vaults:2)
  5 ugly things
  A cyclops (shapeshifter) (Vaults:1)
  9 black mambas
  A guardian serpent (Snake:3)
  5 naga magi
  3 vault sentinels
  A yaktaur (Vaults:1)
  A hornet (Swamp:2)
  A spriggan (Swamp:2)
  A redback (Vaults:4)
  12 nagas
  A swamp worm (Swamp:2)
  A human zombie (Vaults:1)
  An orc warrior (Orc:2)
  A bullfrog (Lair:6)
  A bullfrog skeleton (D:5)
  2 orc priests
  2 orc wizards (Orc:2)
  3 orcs
111 creatures vanquished.

Vanquished Creatures (others)
  A wizard (Vaults:4)
  An ugly thing (Vaults:2)
  A tengu conjurer (D:15)
  A yaktaur (Vaults:4)
  A bloated husk (Swamp:1)
  A water elemental (D:15)
  A swamp worm (Swamp:3)
  A boggart (Vaults:1)
  A bush (Abyss:5)
  9 demonic plants (Abyss:5)
  30 foxfires
  66 fungi
  3 lurking horrors
  105 plants
  2 starspawn tentacles (Abyss:4)
224 creatures vanquished.

Grand Total: 1550 creatures vanquished

Notes
Turn   | Place    | Note
-------+----------+-------------------------------------------
     0 | D:1      | firemarshallily the Merfolk Gladiator began the quest for
                  | the Orb.
     0 | D:1      | Reached XP level 1. HP: 16/16 MP: 1/1
   426 | D:1      | Reached XP level 2. HP: 23/23 MP: 2/2
   480 | D:1      | Reached skill level 5 in Polearms
   912 | D:1      | Reached XP level 3. HP: 28/28 MP: 3/3
  1003 | D:1      | Reached skill level 3 in Fighting
  1155 | D:1      | Found a faded altar of an unknown god.
  1163 | D:1      | Prayed at the altar of an unknown god.
  1163 | D:1      | Became a worshipper of Uskayaw the Reveller
  1163 | D:1      | Reached * piety under Uskayaw
  1610 | D:2      | Reached ** piety under Uskayaw
  1635 | D:2      | Reached XP level 4. HP: 35/35 MP: 4/4
  2483 | D:3      | Reached *** piety under Uskayaw
  2799 | D:3      | Reached XP level 5. HP: 42/42 MP: 5/5
  2844 | D:3      | Found a hazy altar of Hepliaklqana.
  2844 | D:3      | Found a glowing silver altar of Zin.
  2844 | D:3      | Noticed Natasha
  2854 | D:3      | Killed Natasha
  2855 | D:3      | Reached skill level 4 in Fighting
  2995 | D:3      | Noticed Robin
  3005 | D:3      | Killed Robin
  3032 | D:3      | Reached **** piety under Uskayaw
  3034 | D:3      | Reached skill level 5 in Dodging
  3039 | D:3      | Reached ***** piety under Uskayaw
  3832 | D:4      | Noticed an ogre
  3883 | D:4      | Found Ubusebod's Book Emporium.
  4006 | D:4      | Reached XP level 6. HP: 42/49 MP: 6/6
  4389 | D:4      | Found Irilacs's Weapon Boutique.
  4506 | D:4      | Found Baunici's Antique Armour Shoppe.
  4562 | D:4      | Found Vycoam's General Store.
  4806 | D:4      | Reached skill level 5 in Fighting
  5188 | D:4      | Reached XP level 7. HP: 28/56 MP: 7/7
  5360 | D:5      | Entered Level 5 of the Dungeon
  5363 | D:5      | Identified a scroll of acquirement
  5363 | D:5      | Acquired 1024 gold pieces
  5411 | D:4      | Bought a scorched troll leather armour for 480 gold pieces
  5411 | D:4      | Identified the +1 troll leather armour "Unines" {Regen+
                  | Str+4} (You bought it in a shop on level 4 of the Dungeon)
  5426 | D:4      | Bought a pair of runed boots for 180 gold pieces
  5471 | D:4      | Bought a book of Cantrips for 132 gold pieces
  5471 | D:4      | Bought a book of Frost for 242 gold pieces
  5473 | D:4      | Learned a level 1 spell: Summon Small Mammal
  5475 | D:4      | Learned a level 1 spell: Freeze
  5477 | D:4      | Learned a level 1 spell: Animate Skeleton
  5481 | D:4      | Learned a level 3 spell: Frozen Ramparts
  5537 | D:5      | Reached skill level 6 in Fighting
  5597 | D:5      | Reached XP level 8. HP: 65/65 MP: 4/8
  5865 | D:5      | Found a staircase to the Ecumenical Temple.
  5872 | Temple   | Entered the Ecumenical Temple
  5999 | D:5      | Found a shadowy altar of Dithmenos.
  6017 | D:5      | Reached skill level 7 in Fighting
  6057 | D:5      | Found a glowing golden altar of the Shining One.
  6224 | D:5      | Reached skill level 10 in Polearms
  6642 | D:6      | Noticed Maggie
  6677 | D:6      | Killed Maggie
  6792 | D:6      | Noticed Pikel
  6957 | D:6      | Reached XP level 9. HP: 69/73 MP: 9/9
  7092 | D:6      | Reached skill level 8 in Fighting
  7292 | D:6      | Killed Pikel
  7463 | D:6      | Noticed Grinder
  7475 | D:6      | Killed Grinder
  7619 | D:6      | Noticed Eustachio
  7623 | D:6      | Noticed Prince Ribbit
  7634 | D:6      | Killed Eustachio
  7643 | D:6      | Killed Prince Ribbit
  7644 | D:6      | Reached skill level 9 in Fighting
  8187 | D:7      | Reached XP level 10. HP: 78/83 MP: 10/10
  8192 | D:7      | Reached skill level 5 in Shields
  8384 | D:7      | Found Naruq's Distillery.
  8387 | D:7      | Bought a potion of curing for 45 gold pieces
  8387 | D:7      | Bought a potion of heal wounds for 75 gold pieces
  8387 | D:7      | Bought a potion of heal wounds for 75 gold pieces
  8708 | D:7      | Found an iron altar of Okawaru.
  8711 | D:7      | Found Fofahus's General Store.
  8720 | D:7      | Bought a scroll of fog for 22 gold pieces
  8752 | D:7      | Found a basalt altar of Yredelemnul.
  9138 | D:7      | Identified the +5 scale mail "Routzif" {Harm *Corrode rPois
                  | Str+4}
  9446 | D:8      | Found a stormy altar of Qazlal.
  9747 | D:8      | Identified the +6 hand axe of Xochigyo {spect, *Slow Str+6}
  9945 | D:9      | Found a burning altar of Makhleb.
 10094 | D:9      | Identified the +2 robe of the Swamp {+Inv SInv}
 10410 | D:9      | Reached skill level 10 in Fighting
 10524 | D:9      | You fall into a shaft and drop 3 floors!
 10524 | D:12     | Noticed a boulder beetle
 10524 | D:12     | Noticed a four-headed hydra
 10526 | D:12     | Noticed a gargoyle
 10531 | D:12     | Noticed a gargoyle
 10884 | D:11     | Noticed a two-headed ogre
 10944 | D:10     | Entered Level 10 of the Dungeon
 11153 | D:9      | Found a staircase to the Lair.
 11182 | D:9      | Reached skill level 11 in Fighting
 11322 | D:9      | Reached skill level 10 in Dodging
 11326 | D:9      | Reached XP level 11. HP: 86/93 MP: 11/11
 11326 | D:9      | Noticed a cyclops
 11327 | D:9      | Noticed a centaur warrior
 11327 | D:9      | Noticed a manticore
 11667 | D:10     | Found a sparkling altar of Nemelex Xobeh.
 11709 | D:10     | Reached skill level 12 in Fighting
 11709 | D:10     | Noticed a manticore
 11752 | D:10     | Found a portal to a secret trove of treasure.
 11761 | D:10     | Killed a manticore
 12098 | D:10     | Found a staircase to the Orcish Mines.
 12447 | D:11     | Reached skill level 1 in Evocations
 12453 | D:11     | Reached skill level 1 in Spellcasting
 12476 | D:11     | Reached ****** piety under Uskayaw
 12483 | D:11     | Reached skill level 13 in Fighting
 12679 | D:11     | Noticed a cyclops
 12691 | D:11     | Killed a cyclops
 12986 | D:11     | Killed a two-headed ogre
 13254 | D:12     | Killed a boulder beetle
 13255 | D:12     | Reached XP level 12. HP: 70/105 MP: 15/15
 13464 | D:12     | Killed a four-headed hydra
 14018 | D:13     | Noticed a catoblepas
 14041 | D:13     | Noticed a boulder beetle
 14056 | D:12     | Killed a boulder beetle
 14057 | D:12     | Reached skill level 14 in Fighting
 14318 | D:9      | Killed a centaur warrior
 14350 | D:9      | Noticed a tengu warrior
 14362 | D:9      | Killed a tengu warrior
 14433 | D:9      | Noticed a centaur warrior
 14447 | D:9      | Killed a centaur warrior
 14794 | Lair:1   | Entered Level 1 of the Lair of Beasts
 14937 | Lair:1   | Reached skill level 5 in Evocations
 15071 | Lair:1   | Reached skill level 15 in Fighting
 15071 | Lair:1   | Reached skill level 1 in Summonings
 15091 | Lair:1   | Reached XP level 13. HP: 98/115 MP: 20/20
 15266 | Lair:1   | Reached skill level 5 in Spellcasting
 16263 | Lair:2   | Identified the +9 scimitar of the Trees {venom, Dex+3}
 16399 | Lair:2   | Reached skill level 1 in Stealth
 16608 | Lair:2   | Reached skill level 16 in Fighting
 17143 | Lair:3   | Noticed Gastronok
 17174 | Lair:3   | Killed Gastronok
 17764 | Lair:3   | Found a blossoming altar of Fedhas.
 18095 | Lair:4   | Reached XP level 14. HP: 106/126 MP: 23/23
 18246 | Lair:4   | Found a staircase to the Snake Pit.
 18358 | Lair:4   | Found a staircase to the Swamp.
 18824 | Lair:4   | Reached skill level 17 in Fighting
 18824 | Lair:4   | Reached skill level 5 in Stealth
 19115 | Lair:5   | Identified the +3 robe "Favvoch" {Int+2}
 19215 | Lair:5   | Found an opulent altar of Gozag.
 19220 | Lair:5   | Found a runed translucent door.
 19220 | Lair:5   | Found a viscous altar of Jiyva.
 19220 | Lair:5   | Noticed an acid blob
 19221 | Lair:5   | Found a staircase to the Slime Pits.
 19221 | Lair:5   | Noticed an acid blob
 19274 | Lair:5   | Reached skill level 15 in Dodging
 19747 | Lair:6   | Entered Level 6 of the Lair of Beasts
 19981 | Lair:6   | Found a dark tunnel.
 19989 | Volcano  | Entered a volcano
 20695 | Lair:6   | Learned a level 3 spell: Call Canine Familiar
 20763 | Lair:6   | Reached skill level 18 in Fighting
 20946 | Lair:6   | Reached skill level 1 in Ice Magic
 21135 | Lair:6   | Reached skill level 1 in Armour
 21210 | Lair:6   | Identified the +5 rapier of the Augurer {distort, rN++}
 21960 | D:4      | Bought a throwing net for 42 gold pieces
 21960 | D:4      | Bought a potion of berserk rage for 70 gold pieces
 21960 | D:4      | Bought the amulet "Bufokk" {RegenMP Drain rElec rCorr Int+6
                  | SInv} for 851 gold pieces
 21960 | D:4      | Bought a scroll of teleportation for 42 gold pieces
 22116 | D:7      | Bought a potion of haste for 150 gold pieces
 22258 | D:10     | Learned a level 3 spell: Summon Guardian Golem
 22261 | Orc:1    | Entered Level 1 of the Orcish Mines
 22279 | Orc:1    | Reached XP level 15. HP: 127/136 MP: 27/27
 22543 | Orc:2    | Entered Level 2 of the Orcish Mines
 22543 | Orc:2    | Found Dito's General Store.
 22581 | Orc:1    | Noticed Harold
 22597 | Orc:1    | Killed Harold
 22608 | Orc:1    | Noticed an orc warlord
 22721 | Orc:1    | Killed an orc warlord
 22995 | Orc:2    | Found Pigh's Antique Weapon Boutique.
 22995 | Orc:2    | Found Bize Bu Imui's Antique Armour Shoppe.
 23156 | Orc:2    | Noticed an orc warlord
 23436 | Orc:1    | Killed an orc warlord
 23779 | Orc:2    | Bought 6 curare-tipped darts for 61 gold pieces
 23779 | Orc:2    | Bought a scroll of teleportation for 51 gold pieces
 23915 | Orc:2    | Found a staircase to the Elven Halls.
 23933 | Orc:2    | Found Icsic's Jewellery Boutique.
 24009 | Orc:2    | Found Dacalic's Antique Weapon Boutique.
 24161 | Orc:2    | Bought a +4 ring of protection for 468 gold pieces
 24951 | D:14     | Found a runed translucent door.
 24951 | D:14     | Found a runed translucent door.
 24962 | D:14     | Noticed a frost giant
 24963 | D:14     | Noticed a lich
 24964 | D:14     | Noticed Piopsagem's ghost (journeyman DgEE)
 25330 | D:14     | Reached skill level 19 in Fighting
 25484 | D:14     | Found a gate to the Vaults.
 25677 | D:14     | Found Vigeek's Armour Shop.
 25685 | D:14     | Bought a +0 pair of gloves of strength for 172 gold pieces
 25972 | D:14     | Learned a level 4 spell: Summon Lightning Spire
 25977 | D:14     | Learned a level 4 spell: Hailstorm
 25977 | D:14     | Acquired 785 gold pieces
 25979 | D:14     | Gained mutation: You are frail. (-10% HP) [potion of
                  | mutation]
 25979 | D:14     | Gained mutation: You have a pair of small horns on your
                  | head. [potion of mutation]
 25980 | D:14     | Lost mutation: You are frail. (-10% HP) [potion of
                  | mutation]
 25980 | D:14     | Lost mutation: You have a pair of small horns on your head.
                  | [potion of mutation]
 25980 | D:14     | Gained mutation: Your spells are a little harder to cast,
                  | but a little more powerful. [potion of mutation]
 25980 | D:14     | Gained mutation: You are dopey. (Int -2) [potion of
                  | mutation]
 25980 | D:14     | Gained mutation: Your system is resistant to poisons.
                  | (rPois) [potion of mutation]
 25981 | D:14     | Lost mutation: Your system is resistant to poisons. (rPois)
                  | [potion of mutation]
 25981 | D:14     | Lost mutation: Your spells are a little harder to cast, but
                  | a little more powerful. [potion of mutation]
 25981 | D:14     | Gained mutation: You are resistant to electric shocks.
                  | (rElec) [potion of mutation]
 25981 | D:14     | Gained mutation: You are covered in fur. (AC +1) [potion of
                  | mutation]
 25981 | D:14     | Lost mutation: You are resistant to electric shocks.
                  | (rElec) [potion of mutation]
 25981 | D:14     | Gained mutation: You are partially covered in iridescent
                  | scales. (AC +2) [potion of mutation]
 25982 | D:14     | Lost mutation: You are covered in fur. (AC +1) [potion of
                  | mutation]
 25982 | D:14     | Lost mutation: You are partially covered in iridescent
                  | scales. (AC +2) [potion of mutation]
 25982 | D:14     | Lost mutation: You are dopey. (Int -2) [potion of mutation]
 25982 | D:14     | Gained mutation: Your magical capacity is low. (-10% MP)
                  | [potion of mutation]
 25982 | D:14     | Gained mutation: You are clumsy. (Dex -2) [potion of
                  | mutation]
 25982 | D:14     | Gained mutation: You sometimes lose the ability to read
                  | scrolls when taking damage. [potion of mutation]
 25983 | D:14     | Lost mutation: Your magical capacity is low. (-10% MP)
                  | [potion of mutation]
 25983 | D:14     | Lost mutation: You sometimes lose the ability to read
                  | scrolls when taking damage. [potion of mutation]
 25983 | D:14     | Gained mutation: You are weak. (Str -2) [potion of
                  | mutation]
 25983 | D:14     | Gained mutation: Your flesh is cold resistant. (rC+)
                  | [potion of mutation]
 25983 | D:14     | Gained mutation: Your natural rate of healing is unusually
                  | fast. [potion of mutation]
 25984 | D:14     | Lost mutation: Your flesh is cold resistant. (rC+) [potion
                  | of mutation]
 25984 | D:14     | Lost mutation: Your natural rate of healing is unusually
                  | fast. [potion of mutation]
 25984 | D:14     | Gained mutation: You are very weak. (Str -4) [potion of
                  | mutation]
 25984 | D:14     | Gained mutation: Armour fits poorly on your strangely
                  | shaped body. [potion of mutation]
 25984 | D:14     | Gained mutation: You have hidden genetic defects. [potion
                  | of mutation]
 25985 | D:14     | Lost mutation: You have hidden genetic defects. [potion of
                  | mutation]
 25985 | D:14     | Lost mutation: You are very weak. (Str -4) [potion of
                  | mutation]
 25985 | D:14     | Gained mutation: You are resistant to electric shocks.
                  | (rElec) [potion of mutation]
 25985 | D:14     | Gained mutation: Your mind is acute. (Int +2) [potion of
                  | mutation]
 25985 | D:14     | Gained mutation: You have supernaturally acute eyesight.
                  | (SInv) [potion of mutation]
 25985 | D:14     | Gained mutation: You expend magic power (3 MP) to
                  | strengthen your wands. [potion of mutation]
 26381 | D:7      | Bought a potion of mutation for 120 gold pieces
 26381 | D:7      | Lost mutation: You have supernaturally acute eyesight.
                  | (SInv) [potion of mutation]
 26381 | D:7      | Lost mutation: You are weak. (Str -2) [potion of mutation]
 26381 | D:7      | Gained mutation: You passively map a small area around you.
                  | [potion of mutation]
 26513 | D:15     | Entered Level 15 of the Dungeon
 26676 | D:15     | Reached skill level 5 in Ice Magic
 26829 | D:15     | Lost mutation: You are resistant to electric shocks.
                  | (rElec) [potion of mutation]
 26829 | D:15     | Lost mutation: Your mind is acute. (Int +2) [potion of
                  | mutation]
 26829 | D:15     | Lost mutation: You expend magic power (3 MP) to strengthen
                  | your wands. [potion of mutation]
 26829 | D:15     | Gained mutation: Your skin changes colour to match your
                  | surroundings (Stealth+). [potion of mutation]
 26829 | D:15     | Gained mutation: You expend magic power (3 MP) to
                  | strengthen your wands. [potion of mutation]
 26829 | D:15     | Gained mutation: Your muscles are strong. (Str +2) [potion
                  | of mutation]
 26980 | D:15     | Reached skill level 1 in Invocations
 27214 | D:14     | Reached XP level 16. HP: 135/146 MP: 29/29
 27300 | D:15     | Found a staircase to the Depths.
 27313 | D:15     | HP: 3/146 [frost giant/bolt of cold (23)]
 27908 | Orc:2    | Bought a ring of poison resistance for 260 gold pieces
 28179 | Swamp:1  | Entered Level 1 of the Swamp
 28277 | Swamp:1  | Identified the +0 pair of gloves of Limitation {*Slow rN++
                  | Str+4 SInv}
 28277 | Swamp:1  | Noticed Nikola
 28355 | Snake:1  | Entered Level 1 of the Snake Pit
 29530 | Snake:2  | Identified the +8 battleaxe of the Shouting Messenger
                  | {vorpal, Str-2 Dex+5}
 29595 | Snake:2  | Found a runed translucent door.
 29597 | Snake:2  | Noticed DemonSlayer's ghost (adept DsFE)
 29666 | Snake:2  | Reached skill level 20 in Fighting
 29723 | Snake:2  | Noticed a nagaraja
 29740 | Snake:2  | Killed a nagaraja
 30099 | Snake:2  | Identified the +3 robe of Intercession {Str+2}
 30463 | Snake:2  | Noticed a nagaraja
 30482 | Snake:2  | Killed a nagaraja
 30748 | Snake:3  | Found a shimmering altar of Xom.
 30910 | Snake:3  | Reached skill level 10 in Spellcasting
 31167 | Snake:3  | Reached skill level 5 in Invocations
 31415 | Snake:3  | Reached XP level 17. HP: 147/156 MP: 27/31
 32262 | Snake:4  | Entered Level 4 of the Snake Pit
 32676 | Snake:4  | Identified the +1 leather armour "Piejilai" {rN+ Will+
                  | Str-2 Int+3}
 34254 | Snake:4  | Reached skill level 21 in Fighting
 34334 | Snake:4  | Noticed a quicksilver dragon
 34347 | Snake:4  | Noticed a quicksilver dragon
 34673 | Swamp:1  | Killed Nikola
 35050 | Swamp:1  | Found a shimmering blue altar of Sif Muna.
 35146 | Swamp:1  | Lost mutation: Armour fits poorly on your strangely shaped
                  | body. [potion of mutation]
 35146 | Swamp:1  | Lost mutation: You expend magic power (3 MP) to strengthen
                  | your wands. [potion of mutation]
 35146 | Swamp:1  | Gained mutation: You are frail. (-10% HP) [potion of
                  | mutation]
 35147 | Swamp:1  | Lost mutation: You are clumsy. (Dex -2) [potion of
                  | mutation]
 35147 | Swamp:1  | Lost mutation: You are frail. (-10% HP) [potion of
                  | mutation]
 35147 | Swamp:1  | Lost mutation: Your muscles are strong. (Str +2) [potion of
                  | mutation]
 35147 | Swamp:1  | Gained mutation: You are agile. (Dex +2) [potion of
                  | mutation]
 35147 | Swamp:1  | Gained mutation: Your spells are a little harder to cast,
                  | but a little more powerful. [potion of mutation]
 35926 | Swamp:2  | Got the Reference Book on Glacial Hexes
 36035 | Swamp:2  | Reached skill level 10 in Stealth
 36869 | Swamp:3  | Reached XP level 18. HP: 164/166 MP: 33/33
 37071 | Swamp:3  | Reached skill level 5 in Summonings
 37181 | Swamp:4  | Entered Level 4 of the Swamp
 37218 | Swamp:4  | Reached skill level 1 in Transmutations
 37321 | Swamp:4  | Noticed a tentacled monstrosity
 37322 | Swamp:4  | Found a transporter.
 37322 | Swamp:4  | Noticed kerlis's ghost (journeyman MiBe)
 37802 | Swamp:4  | Noticed the 27-headed Lernaean hydra
 37807 | Swamp:4  | Learned a level 2 spell: Ensorcelled Hibernation
 37810 | Swamp:4  | Learned a level 2 spell: Blink
 37814 | Swamp:4  | Learned a level 3 spell: Inner Flame
 37843 | Swamp:4  | Killed the 27-headed Lernaean hydra
 37844 | Swamp:4  | Reached skill level 22 in Fighting
 37864 | Swamp:4  | Got a decaying rune of Zot
 38516 | Swamp:4  | Found a transporter.
 38932 | Snake:2  | Killed DemonSlayer's ghost
 39055 | Snake:4  | Killed a quicksilver dragon
 39088 | Snake:4  | Killed a quicksilver dragon
 39264 | Snake:4  | Got a serpentine rune of Zot
 39661 | D:14     | Learned a level 5 spell: Yara's Violent Unravelling
 39699 | Vaults:1 | Entered Level 1 of the Vaults
 39716 | Vaults:1 | Reached skill level 5 in Transmutations
 40128 | Vaults:1 | Reached XP level 19. HP: 172/176 MP: 35/35
 40350 | Vaults:1 | Found Adghy's Distillery.
 40358 | Vaults:1 | Bought a potion of invisibility for 112 gold pieces
 40358 | Vaults:1 | Bought a potion of cancellation for 112 gold pieces
 40358 | Vaults:1 | Bought a potion of curing for 42 gold pieces
 40358 | Vaults:1 | Bought a potion of lignification for 42 gold pieces
 40358 | Vaults:1 | Bought a potion of mutation for 112 gold pieces
 40358 | Vaults:1 | Bought a potion of heal wounds for 70 gold pieces
 40566 | Vaults:1 | Reached skill level 1 in Conjurations
 42318 | Vaults:2 | Reached skill level 23 in Fighting
 42587 | Vaults:2 | Noticed Bai Suzhen
 43615 | Vaults:3 | Reached skill level 5 in Conjurations
 43714 | Vaults:3 | Reached XP level 20. HP: 171/186 MP: 37/37
 43726 | Vaults:3 | Found Zaquiss's Assorted Antiques.
 43890 | Vaults:3 | Bought a potion of haste for 450 gold pieces
 45142 | Vaults:3 | Found the +18 shield of the Gong {rElec rN+ Will+ EV-5}
 45349 | Vaults:3 | Found a staircase to the Crypt.
 46016 | Vaults:3 | You fall into a shaft and drop 1 floor!
 46273 | Vaults:4 | Reached skill level 24 in Fighting
 47022 | Vaults:4 | Reached XP level 21. HP: 195/195 MP: 17/39
 47143 | Vaults:4 | Learned a level 5 spell: Fireball
 47391 | Vaults:4 | Identified the +1 leather armour of Valour {+Inv Will-
                  | Dex+6}
 47891 | Vaults:4 | Cast into level 3 of the Abyss (vault warden)
 48135 | Abyss:3  | Found a corrupted altar of Lugonu.
 48188 | Abyss:5  | Entered Level 5 of the Abyss
 48505 | Abyss:5  | Noticed an ancient lich
 48506 | Vaults:4 | Escaped the Abyss
 48763 | Vaults:4 | Got Heniuf's Grimoire of Beguiling
 48772 | Vaults:4 | Learned a level 5 spell: Summon Mana Viper
 49034 | Vaults:4 | Found Fian's Jewellery Shoppe.
 49593 | Elf:1    | Entered Level 1 of the Elven Halls
 49709 | Elf:1    | Reached skill level 15 in Spellcasting
 49733 | Elf:1    | Reached skill level 1 in Hexes
 50279 | Elf:1    | Cast into level 2 of the Abyss (a deep elf demonologist)
 50280 | Abyss:2  | Found a corrupted altar of Lugonu.
 50446 | Abyss:2  | Found a corrupted altar of Lugonu.
 50497 | Abyss:2  | Lost mutation: You are agile. (Dex +2) [a neqoxec]
 50652 | Abyss:4  | Found a shimmering altar of Xom.
 50652 | Abyss:4  | Found a shimmering altar of Xom.
 50652 | Abyss:4  | Found a shimmering altar of Xom.
 50652 | Abyss:4  | Found a shimmering altar of Xom.
 50653 | Abyss:4  | Found a shimmering altar of Xom.
 50654 | Abyss:4  | Found a shimmering altar of Xom.
 50655 | Abyss:4  | Found a corrupted altar of Lugonu.
 50655 | Abyss:4  | Found a shimmering altar of Xom.
 50655 | Abyss:4  | Found a shimmering altar of Xom.
 50655 | Abyss:4  | Found a shimmering altar of Xom.
 50655 | Abyss:4  | Found a shimmering altar of Xom.
 50656 | Abyss:4  | Found a shimmering altar of Xom.
 50656 | Abyss:4  | Found a shimmering altar of Xom.
 50657 | Abyss:4  | Found a shimmering altar of Xom.
 50657 | Abyss:4  | Found a shimmering altar of Xom.
 50657 | Abyss:4  | Found a shimmering altar of Xom.
 50657 | Abyss:4  | Found a shimmering altar of Xom.
 50658 | Abyss:4  | Found a shimmering altar of Xom.
 50658 | Abyss:4  | Found a shimmering altar of Xom.
 50749 | Abyss:4  | Found a shimmering altar of Xom.
 50751 | Abyss:4  | Found a shimmering altar of Xom.
 50751 | Abyss:4  | Found a shimmering altar of Xom.
 50751 | Abyss:4  | Found a corrupted altar of Lugonu.
 50752 | Abyss:4  | Found a shimmering altar of Xom.
 50752 | Abyss:4  | Found a shimmering altar of Xom.
 50752 | Abyss:4  | Found a shimmering altar of Xom.
 50752 | Abyss:4  | Found a shimmering altar of Xom.
 50753 | Abyss:4  | Found a shimmering altar of Xom.
 50753 | Abyss:4  | Found a shimmering altar of Xom.
 50753 | Abyss:4  | Found a shimmering altar of Xom.
 50753 | Abyss:4  | Found a shimmering altar of Xom.
 50753 | Abyss:4  | Found a shimmering altar of Xom.
 50754 | Abyss:4  | Found a shimmering altar of Xom.
 50754 | Abyss:4  | Found a shimmering altar of Xom.
 50754 | Abyss:4  | Found a shimmering altar of Xom.
 50757 | Abyss:4  | Found a shimmering altar of Xom.
 50803 | Abyss:5  | Entered Level 5 of the Abyss
 50804 | Abyss:5  | Found a corrupted altar of Lugonu.
 50840 | Abyss:5  | Found a transporter.
 50876 | Abyss:5  | Paralysed by accursed screaming for 1 turns
 50879 | Abyss:5  | Paralysed by accursed screaming for 2 turns
 51049 | Abyss:5  | HP: 9/180 [blizzard demon] (14)]
 51062 | Abyss:5  | HP: 6/180 [daeva/+3 eudemon blade of holy wrath (6)]
 51066 | Abyss:5  | Killed from afar by a blizzard demon

Illustrated notes

Levels and vault maps discovered:
D:1:      kennysheep_arrival_seaside, layout_loops_corners,
          shapermc_ecumenical_altar_pompeii, minmay_tripent
D:2:      layout_basic
D:3:      layout_loops_ring, gammafunk_temple_overflow_pools, serial_aquarium,
          aquarium_bridge_straight [aquarium_subvault_bridge,
          aquarium_subvault_wall, aquarium_subvault_bridge,
          aquarium_subvault_window], aquarium_window_1, aquarium_window_1,
          aquarium_window_corner, aquarium_window_fake, aquarium_view_2a,
          aquarium_pool_split, grunt_ministairs_6, moated_statue,
          minmay_three_crescents, uniq_robin, uniq_natasha
D:4:      cheibrodos_old_hovel, layout_basic, serial_shops,
          nicolae_shop_waterfront, shop, shop, nicolae_shop_bloodbath_and_beyond
D:5:      layout_loops_ring, nicolae_tso_besieged_by_evil, lemuel_crystal_altar,
          minmay_temple_entry_junction
D:6:      kennysheep_spiral_hall, layout_basic, uniq_prince_ribbit1,
          uniq_grinder, uniq_pikel, uniq_eustachio, uniq_maggie
D:7:      layout_basic, nicolae_overflow_hidden_temple, serial_shops,
          kennysheep_mini_moat, nicolae_shop_waterfront
D:8:      layout_loops_ring, mainiacjoe_overflow_brackets,
          small_statue_intersection
D:9:      layout_roguey, lemuel_round_altar, erik_lair_dragon, minmay_evil_grid
D:10:     layout_loops_ring, nemelex_xobeh_ov_fountains_minmay, erik_orc_2,
          nicolae_trove_entry_path_of_doom
D:11:     layout_layer_cave
D:12:     layout_loops_cross, drop_trap
D:13:     layout_roguey
D:14:     layout_small_grid, skrybe_vaults_entry_preservation, serial_shops,
          nicolae_shop_competitors_out_of_business, nrook_mini_backslash,
          muffindrake_ghost_dual_entry
D:15:     grunt_enter_depths_snipers, layout_cave_pools, serial_bayou,
          serial_bayou_pond_e, serial_bayou_pond_a, serial_bayou_pond_c,
          serial_bayou_ford_a
Temple:   dshaligram_water_room_temple
Lair:1:   layout_hall_layers, nicolae_quartered_pool_super,
          serial_bayou_shore_b, grunt_megastairs_2, infiniplex_staircase_pool,
          serial_bayou_shore_b
Lair:2:   layout_long_grid, special_room [special_room_bee], beast_lair_carwin_1
Lair:3:   layout_roguey, serial_bayou, serial_bayou_pond_d, serial_bayou_pond_d,
          serial_bayou_pond_d, serial_bayou_pond_d, hangedman_tree_tricks,
          lemuel_another_geyser, uniq_gastronok
Lair:4:   layout_loops_ring, minmay_swamp_entry_swarm
Lair:5:   layout_regular_city, slime_altar_2, basic_altar, serial_bayou_shore_b
Lair:6:   minmay_lair_end_frog_pond, layout_concentric_octagons,
          lightli_volcano_entry_magma_tube
Swamp:1:  layout_basic_swamp, lemuel_altar_in_water, uniq_nikola
Swamp:2:  layout_basic_swamp, hangedman_swamp_ruin_wall, swamp_pool3,
          grunt_witch_cave
Swamp:3:  layout_basic_swamp, evilmike_swamp_ruin_house_1, swamp_pool3
Swamp:4:  grunt_swamp_rune_castle, layout_basic_swamp, gammafunk_ghost_arena,
          swamp_pool1
Snake:1:  layout_grid_shapes, special_room, grunt_megastairs_4
Snake:2:  layout_honeycomb, hellmonk_ghost_happy_afterlife
Snake:3:  layout_onion, basic_altar, grunt_ministairs_5
Snake:4:  hellmonk_snake_rune_quicksilver_temple, layout_chambers,
          nicolae_snake_round_shape_thing, serial_bayou_shore_a
Orc:1:    layout_caves, basic_altar, uniq_harold
Orc:2:    grunt_orc_gardens, layout_diamond_mine, grunt_orc_garden,
          grunt_orc_garden, grunt_orc_garden, grunt_orc_garden, serial_shops,
          nicolae_shop_stone
Elf:1:    layout_loops_corners, serial_shops, nicolae_shop_statue_plus,
          minmay_elf_demonology, grunt_megastairs_3
Vaults:1: vaults_room_pools, nicolae_vaults_sealed_display, vaults_dpeg_hooks,
          v_rooms_5, ontoclasm_vaults_twist, ontoclasm_vaults_gateway,
          vaults_dpeg_spiral, hangedman_vaults_nails, hangedman_vaults_snaps,
          vaults_room_stairs_pillars, hangedman_vaults_trim, v_misc_31,
          vaults_room_hallway, layout_vaults_ring, serial_shops, shop
Vaults:2: v_misc_29, v_misc_32, v_misc_28, nicolae_vaults_ring_of_whatevers,
          nicolae_vaults_hallways_thing, v_misc_26, ontoclasm_vaults_fault,
          vaults_room_fancy_cross, vaults_room_semicircle,
          layout_vaults_chaotic_city, uniq_bai_suzhen
Vaults:3: v_misc_16, minmay_crypt_entry_simple_statues, v_rooms_6, v_misc_3,
          nicolae_vaults_back_hallway, v_misc_33, nicolae_vaults_circle_grid_a,
          ontoclasm_vaults_misaligned, vaults_room_grid, v_alt_pattern_5,
          hellmonk_guarded_unrand_gong, v_alt_pattern_4, vaults_room_pool,
          vaults_dpeg_ring, layout_vaults_omnibox, serial_shops, shop
Vaults:4: vaults_mumra_minichess_inversion, v_misc_22, grunt_vaults_twisty,
          ontoclasm_vaults_pinch, vaults_room_hangedman_quadrants,
          grunt_vaults_focal, nicolae_vaults_shelves_hall,
          layout_vaults_quadrants, serial_shops, shop,
          serial_hangedman_research, hangedman_research_probablistics,
          hangedman_research_toxicology
Abyss:5:  base: Swamp:2, minivault_5,
          evilmike_nicolae_abyss_rune_betentacled_crabyss, bh_abyss_exit_grid,
          evilmike_abyss_exit_plants, nicolae_abyss_rune_star_stuff,
          bh_abyss_exit_grid, hangedman_eye_storm,
          nicolae_abyss_rune_star_stuff, base: Swamp:4,
          bh_abyss_xom_lugonu_altar, gammafunk_abyss_rune_reverse_zot

Skill      XL: |  1  2  3  4  5  6  7  8  9 10 11 12 13 14 15 16 17 18 19 20 21 |
---------------+----------------------------------------------------------------+-----
Polearms       | 5 6 7 9 10 12 14 | 14.0
Fighting       | 3 4 5 6 7 9 11 13 15 16 18 19 20 21 22 23 24 | 24.3
Dodging        | 5 6 7 8 10 11 13 14 15 16 17 18 19 20 | 20.0
Shields        | 2 4 5 6 |  6.1
Evocations     | 2 5 |  5.0
Spellcasting   | 2 4 6 8 9 10 11 12 13 14 15 | 15.0
Summonings     | 1 3 4 7 |  7.0
Stealth        | 4 6 8 10 | 10.0
Ice Magic      | 1 5 |  5.0
Armour         | 1 3 |  3.2
Invocations    | 1 5 6 |  6.0
Transmutations | 6 7 |  7.0
Conjurations   | 5 8 |  8.5
Hexes          | 1 |  1.6
Throwing       | |  2.0

Action                   |  1- 3 |  4- 6 |  7- 9 | 10-12 | 13-15 | 16-18 | 19-21 || total
-------------------------+-------+-------+-------+-------+-------+-------+-------++-------
Melee: Trident           |    21 |       |       |   692 |  1716 |  1495 |  1515 ||  5439
       Spear             |    57 |   249 |   422 |    40 |       |       |       ||   768
       Punch             |       |     2 |     3 |       |       |       |       ||     5
       Tailslap          |       |       |       |     6 |    26 |   107 |     2 ||   141
Throw: Dart              |       |     3 |       |    14 |     2 |     4 |     5 ||    28
       Stone             |       |     3 |       |     2 |       |       |       ||     5
       Throwing net      |       |     2 |     2 |     2 |       |       |       ||     6
 Cast: Summon Small Mamm |       |       |    11 |     2 |    34 |    90 |    53 ||   190
       Animate Skeleton  |       |       |     4 |     7 |     5 |   115 |   107 ||   238
       Call Canine Famil |       |       |       |       |    18 |    61 |    38 ||   117
       Frozen Ramparts   |       |       |       |       |     9 |    14 |    40 ||    63
       Summon Lightning  |       |       |       |       |       |   109 |    79 ||   188
       Hailstorm         |       |       |       |       |       |     4 |    14 ||    18
       Summon Guardian G |       |       |       |       |       |     1 |     3 ||     4
       Ensorcelled Hiber |       |       |       |       |       |       |     1 ||     1
Invok: Stomp             |       |       |     2 |       |     3 |       |       ||     5
       Grand Finale      |       |       |       |       |       |       |     1 ||     1
Evoke: Wand              |       |       |     6 |     3 |     2 |       |     2 ||    13
       Condenser vane    |       |       |       |       |       |     1 |       ||     1
  Use: Scroll            |       |     2 |     3 |    21 |    10 |     7 |    13 ||    56
       Potion            |       |     2 |     3 |     1 |    18 |    11 |    20 ||    55
 Stab: Sleeping          |     6 |     2 |       |       |    11 |    37 |    15 ||    71
       Paralysed         |       |     3 |    32 |    31 |    90 |   101 |   142 ||   399
       Held in net/web   |       |     1 |     1 |     1 |       |       |       ||     3
       Distracted        |       |       |       |     2 |    10 |    29 |    22 ||    63
       Petrified         |       |       |       |       |     3 |       |       ||     3
       Invisible         |       |       |       |       |       |    10 |       ||    10
Armor: Leather armour    |    13 |    34 |       |       |       |       |       ||    47
       Troll leather arm |       |       |    77 |    88 |   200 |   135 |   240 ||   740
       Skin              |       |       |       |       |       |       |    15 ||    15
Dodge: Dodged            |    23 |   103 |   162 |   273 |   933 |   799 |   961 ||  3254
Block: Buckler           |       |       |    33 |   121 |   346 |   280 |   348 ||  1128
